 Dungeon Crawl Stone Soup version 0.25-a0-294-gea9b1ad378 (webtiles) character file.

Game seed: 8920569421734754108, levelgen mode: classic

371 Borgoz the Cutter (level 7, -3/66 HPs)
             Began as a Kobold Gladiator on Dec 16, 2019.
             Slain by a wyvern zombie (10 damage)
             ... in an ossuary.
             The game lasted 00:05:09 (2937 turns).

Borgoz the Cutter (Kobold Gladiator)                Turns: 2937, Time: 00:05:10

Health: -3/66      AC:  5    Str: 18    XL:     7   Next: 2%
Magic:  7/7        EV: 17    Int: 10    God:
Gold:   193        SH:  5    Dex: 16    Spells: 6/6 levels left

rFire    . . .     SeeInvis .   i - +0 dagger (elec)
rCold    . . .     Gourm    .   v - +0 buckler
rNeg     . . .     Faith    .   b - +0 leather armour
rPois    .         Spirit   .   c - +0 helmet
rElec    .         Reflect  .   (no cloak)
rCorr    .         Harm     .   (no gloves)
MR       .....                  r - +0 pair of boots
Stlth    ..........             (no amulet)
HPRegen  0.21/turn              j - ring of stealth
MPRegen  0.10/turn              (no ring)

@: berserking, very quick
A: small, carnivore
a: no special abilities


You were in an ossuary.
You were very full.

You visited 1 branch of the dungeon, and saw 4 of its levels.
You also visited: Ossuary.

You collected 193 gold pieces.

Inventory:

Hand Weapons
 a - a +0 rapier
 i - a +0 dagger of electrocution (weapon)
Missiles
 d - 3 throwing nets (quivered)
Armour
 b - a +0 leather armour (worn)
 c - a +0 helmet (worn)
 r - a +0 pair of boots (worn)
 v - a +0 buckler (worn)
Jewellery
 h - an uncursed ring of fire
 j - a ring of stealth (left hand)
Scrolls
 g - a scroll of teleportation
Potions
 k - a potion of might
 l - a potion of degeneration {unknown}
 m - a potion of flight {unknown}
 n - a potion of mutation {unknown}
 o - a potion of ambrosia {unknown}
 q - 3 potions of curing {unknown}
Comestibles
 f - 7 rations


   Skills:
 * Level 4.3 Fighting
 * Level 6.1 Short Blades
 - Level 2.1 Throwing
 + Level 1.7 Armour
 * Level 5.4 Dodging
 + Level 0.7 Shields


You had 6 spell levels left.
You didn't know any spells.
Your spell library was empty.

Dungeon Overview and Level Annotations

Branches:
Dungeon (4/15)            Ossuary (1/1)
 Temple: D:4-7

Altars:
Nemelex Xobeh
Trog

Annotations:
D:3 1 transporter


Innate Abilities, Weirdness & Mutations

You are small and have problems with some larger weapons.
You are carnivorous and can eat meat at any time.


Message History

You block the mummy's attack.
Your shield and leather armour prevent you from hitting the mummy.
The mummy is severely damaged.
You barely miss the mummy.
The mummy is severely damaged.
You block the hound zombie's attack.
A wyvern zombie comes into view.
A leopard gecko zombie comes into view.
The mummy completely misses you. The hound zombie completely misses you.
There is an open door here.
Your shield prevents you from hitting the mummy.
The mummy is severely damaged.
The mummy hits you.
* * * LOW HITPOINT WARNING * * *
The hound zombie misses you.
You are too injured to fight recklessly!
A red film seems to cover your vision as you go berserk!
You feel yourself moving faster!
You feel mighty! The wyvern zombie bites you!
* * * LOW HITPOINT WARNING * * *
The wyvern zombie bites you!
You die...

##### #..∩#
#.∩.# #.M@#
###.##Z##'##+#
#.'...M......≈
###+#'#'#'#'#≈
#. .# # ## ##


You could see 2 mummies and a wyvern zombie.

Vanquished Creatures
  2 bullfrog zombies (Ossuary)
  A centaur zombie (Ossuary)
  2 orc priests (D:3)
  A killer bee zombie (Ossuary)
  5 mummies
  A hound skeleton (D:2)
  3 adders
  An ooze (D:1)
  3 worms
  3 dart slugs
  3 leopard geckos
  6 orcs
  A ball python (D:1)
  A giant cockroach (D:3)
  6 goblins
  9 hobgoblins
  12 kobolds
  2 quokkas (D:2)
  7 bats
  5 frilled lizards
  5 rats
79 creatures vanquished.

Vanquished Creatures (others)
  A withered plant (Ossuary)
1 creature vanquished.

Grand Total: 80 creatures vanquished

Notes
Turn   | Place    | Note
-------+----------+-------------------------------------------
     0 | D:1      | Borgoz the Kobold Gladiator began the quest for the Orb.
     0 | D:1      | Reached XP level 1. HP: 12/12 MP: 1/1
    82 | D:1      | Reached XP level 2. HP: 18/18 MP: 2/2
   210 | D:1      | Reached XP level 3. HP: 19/22 MP: 3/3
  1025 | D:2      | Reached XP level 4. HP: 13/28 MP: 4/4
  1228 | D:2      | Found a bloodstained altar of Trog.
  1628 | D:3      | Reached skill level 5 in Short Blades
  1628 | D:3      | Reached skill level 1 in Armour
  1785 | D:3      | Reached XP level 5. HP: 16/32 MP: 5/5
  2267 | D:3      | Found a sparkling altar of Nemelex Xobeh.
  2267 | D:3      | Found a transporter.
  2267 | D:3      | Noticed a big kobold
  2503 | D:3      | Reached skill level 5 in Dodging
  2503 | D:3      | Reached XP level 6. HP: 10/38 MP: 6/6
  2853 | D:4      | Found a sand-covered staircase.
  2861 | Ossuary  | Entered an ossuary
  2916 | Ossuary  | Reached skill level 6 in Short Blades
  2919 | Ossuary  | Reached XP level 7. HP: 30/44 MP: 7/7
  2937 | Ossuary  | Slain by a wyvern zombie

Levels and vault maps discovered:
D:1:      psy_arrival_conway, layout_loops_ring
D:2:      layout_loops_cross, marbit_many_paths
D:3:      layout_rooms, grunt_nemelex_the_gamble
D:4:      layout_loops_cross, temple_green, gup_sewer_entry_bubbles,
          gup_ossuary_entry_pyramid
Ossuary:  ossuary_zaba_flooded

Skill      XL: |  1  2  3  4  5  6 |
---------------+-------------------+-----
Dodging        | 4 5 |  5.4
Fighting       | 3 4 |  4.3
Short Blades   | 5 6 |  6.1
Armour         | 1 |  1.7
Throwing       | |  2.1
Shields        | |  0.7

Action                   |  1- 3 |  4- 6 |  7- 9 || total
-------------------------+-------+-------+-------++-------
Melee: Rapier            |    95 |   145 |       ||   240
       Dagger            |       |    53 |    15 ||    68
Throw: Throwing net      |     1 |     3 |       ||     4
  Use: Scroll            |     2 |     4 |       ||     6
       Potion            |       |     2 |     1 ||     3
 Stab: Sleeping          |     4 |     4 |       ||     8
  Eat: Chunk             |     8 |     6 |       ||    14
Armor: Leather armour    |    20 |    43 |       ||    63
Dodge: Dodged            |    72 |   142 |     6 ||   220
Block: Buckler           |       |    18 |     3 ||    21

Table legend:
 A = Non-vault XP
 B = Vault XP
 C = Vault XP percentage of total XP
 D = Non-vault monster count
 E = Vault monster count
 F = Vault count percentage of total count
                 A         B        C        D         E       F
            +---------+---------+-------+---------+---------+-------
      Total |     261 |     270 |  50.8 |      69 |      10 |  12.7
            +---------+---------+-------+---------+---------+-------
        D:1 |      53 |       0 |   0.0 |      28 |       0 |   0.0
        D:2 |      45 |      13 |  22.4 |      15 |       1 |   6.2
        D:3 |     163 |       0 |   0.0 |      26 |       0 |   0.0
        D:4 |       0 |      18 | 100.0 |       0 |       1 | 100.0
    Ossuary |       0 |     239 | 100.0 |       0 |       8 | 100.0
            +---------+---------+-------+---------+---------+-------
